 Dungeon Crawl Stone Soup version 0.28-a0-447-g1f95980246 (webtiles) character file.

Game seed: 1947319843565078469

137 frimble the Sneak (level 5, -1/34 HPs)
             Began as an Octopode Warper on Sept 12, 2021.
             Slain by a gnoll (5 damage)
             ... on level 4 of the Dungeon.
             The game lasted 00:04:40 (2650 turns).

frimble the Sneak (Octopode Warper)                 Turns: 2650, Time: 00:04:41

Health: -1/34      AC:  1    Str:  8 (10) XL:     5   Next: 20%
Magic:  8/8        EV: 13    Int: 15 (16) God:
Gold:   61         SH:  0    Dex: 10 (12) Spells: 8/8 levels left

rFire   . . .      SeeInvis .   a - +2 short sword (flame)
rCold   . . .      Faith    .   (no shield)
rNeg    . . .      Spirit   .   (helmet restricted)
rPois   .          Reflect  .   (no amulet)
rElec   .          Harm     .   (no ring)
rCorr   .          Rampage  .   (no ring)
Will    .....                   (no ring)
Stlth   +++.......              (no ring)
HPRegen 0.11/turn               (no ring)
MPRegen 0.11/turn               (no ring)
                                (no ring)
                                (no ring)

@: no status effects
A: almost no armour, amphibious, 8 rings, camouflage 1, gelatinous body 1,
(nimble swimmer 1), tentacles
a: no special abilities


You were on level 4 of the Dungeon.
You visited 1 branch of the dungeon, and saw 4 of its levels.

You collected 61 gold pieces.

Inventory:

Hand Weapons
 a - a +2 short sword of flaming (weapon)
Missiles
 e - 5 boomerangs (quivered)
 f - a curare-tipped dart
Potions
 d - a potion of magic


   Skills:
 - Level 2.0 Fighting
 + Level 3.4 Short Blades
 + Level 2.6 Throwing
 - Level 2.3 Dodging
 + Level 3.8 Stealth
 - Level 2.0 Spellcasting
 - Level 3.0 Translocations


You had 8 spell levels left.
You didn't know any spells.
Your spell library contained the following spells:

 Spells                   Type           Power      Damage    Failure   Level
 Blink                    Tloc           N/A        N/A       10%         2
 Gell's Gravitas          Tloc           5%         N/A       19%         3
 Lesser Beckoning         Tloc           10%        N/A       19%         3
 Teleport Other           Tloc           10%        N/A       19%         3
 Manifold Assault         Tloc           10%        N/A       87%         5


Dungeon Overview and Level Annotations

Branches:
Dungeon (4/15)
 Temple: D:4-7

Altars:


Innate Abilities, Weirdness & Mutations

You cannot wear most types of armour.
You are amphibious.
You can wear up to eight rings at the same time.
Your skin changes colour to match your surroundings (Stealth+).
Your rubbery body absorbs attacks. (AC +1, EV +1)
((You are camouflaged near water. (Stealth+)))
You have tentacles for arms and can constrict up to eight enemies at once.


Message History

* * * LOW HITPOINT WARNING * * *
A gnoll comes into view. It is wielding a +0 whip.
There is an open door here.
The gnoll shouts!
The gnoll misses you. The gnoll shaman closely misses you.
The gnoll shaman misses you.
The gnoll shaman calls upon its god to speed up the gnoll.
The gnoll seems to speed up.
Blink to where?
Press: ? - help, Dir - move target, p - gnoll
As you read the scroll of blinking, it crumbles to dust.
There is an open door here.
You close the door.
Okay, then.
You aren't carrying any scrolls.
Unknown command.
Unknown command.
A gnoll opens the door.
Items here: ( ))).
You aren't carrying any items that you can evoke.
You aren't carrying any scrolls.
Unknown command.
Throw: boomerang (disperse)
Press: ? - help, Q - select action, (/) - cycle Shift-Dir - straight line, f - gnoll shaman
Aim: a gnoll shaman, wielding a +0 club and wearing a +0 robe (61% to hit)
You throw a boomerang of dispersal.
The boomerang of dispersal hits the gnoll shaman.
The gnoll shaman blinks!
Okay, then.
You aren't carrying any scrolls.
You aren't carrying any items that you can evoke.
The gnoll barely misses you.
You hit the gnoll. You burn the gnoll. You grab the gnoll.
The gnoll is heavily wounded.
You constrict the gnoll, but do no damage.
The gnoll barely misses you.
You hit the gnoll. You burn the gnoll.
The gnoll is almost dead.
You constrict the gnoll. The gnoll hits you with a +0 whip.
You die...

##+## #..)....# ##...##
#.#####.# ##.....## #.#
#.## ##.......## #.#
#..# ##.........####.#
#..#
.+........gg.)g.#####..#
##......(..####........#
##.......## #.g......#
##.....## ##@#######
......## #.# ####..# #.#
#..# #.# #. #.# #.# #.#
#.#


You could see 2 gnolls.

Vanquished Creatures
  A hound (D:4)
  An orc priest (D:3)
  2 gnolls (D:4)
  An adder (D:2)
  A dart slug (D:1)
  An orc (D:4)
  5 ball pythons
  3 bats
  7 endoplasms
  A giant cockroach (D:1)
  5 goblins
  5 jackals (D:2)
  4 kobolds
  2 quokkas
  2 frilled lizards
  5 rats
46 creatures vanquished.

Vanquished Creatures (others)
  A fungus (D:1)
1 creature vanquished.

Grand Total: 47 creatures vanquished

Notes
Turn   | Place    | Note
-------+----------+-------------------------------------------
     0 | D:1      | frimble the Octopode Warper began the quest for the Orb.
     0 | D:1      | Reached XP level 1. HP: 14/14 MP: 3/3
     6 | D:1      | Noticed a hog
     6 | D:1      | Noticed a scorpion
     6 | D:1      | Noticed an iguana
     6 | D:1      | Noticed a polar bear
     6 | D:1      | Noticed a lindwurm
    84 | D:1      | Reached skill level 1 in Stealth
   296 | D:1      | Reached XP level 2. HP: 19/19 MP: 5/5
   384 | D:1      | Found a faded altar of an unknown god.
   909 | D:2      | Reached XP level 3. HP: 9/24 MP: 6/6
  1955 | D:3      | Reached XP level 4. HP: 27/29 MP: 7/7
  2570 | D:4      | Reached XP level 5. HP: 5/34 MP: 8/8
  2629 | D:4      | HP: 1/34 [gnoll (6)]
  2650 | D:4      | Slain by a gnoll

Illustrated notes

Levels and vault maps discovered:
D:1:      onia_arrival_zoo_common, layout_rooms,
          shapermc_ecumenical_altar_acropolis
D:2:      layout_loops_ring, chequers_serial_rivers_micro_b,
          minmay_misc_feat_four_crosses
D:3:      minmay_evil_eye, layout_basic, uniq_sigmund, uniq_robin
D:4:      layout_loops_corners, minmay_quantized

Skill      XL: |  1  2  3 |
---------------+----------+-----
Stealth        | 1 2 3 |  3.8
Short Blades   | 3 |  3.4
Throwing       | 2 |  2.6
Fighting       | |  2.0
Dodging        | |  2.3
Spellcasting   | |  2.0
Translocations | |  3.0

Action                   |  1- 3 |  4- 6 || total
-------------------------+-------+-------++-------
Melee: Short sword       |    74 |    24 ||    98
       Constrict         |    13 |     7 ||    20
       Tentacles         |    10 |     3 ||    13
Throw: Dart              |       |     2 ||     2
       Boomerang         |       |     6 ||     6
  Use: Scroll            |     3 |     2 ||     5
       Potion            |     1 |     1 ||     2
 Stab: Sleeping          |     4 |     1 ||     5
Armor: Skin              |     8 |       ||     8
Dodge: Dodged            |    47 |    18 ||    65

Table legend: (Time is in decaauts)
 A = Elapsed time spent in this place.
 B = Non-inter-level travel time spent in this place.
 C = Inter-level travel time spent in this place.
 D = Time resting spent in this place.
 E = Time spent auto-exploring this place.
 F = Levels seen in this place.
 G = Mean time per level.
                   A        B        C        D        E       F      G
               +--------+--------+--------+--------+--------+-----+--------+
         Total |   2648 |   2591 |     57 |    298 |   1888 |   4 |  662.0 |
       Dungeon |   2648 |   2591 |     57 |    298 |   1888 |   4 |  662.0 |
               +--------+--------+--------+--------+--------+-----+--------+

Top non-repeatable levels by time:
     D:1: 1178 daAuts
     D:2: 768 daAuts
     D:4: 684 daAuts
     D:3: 16 daAuts
